 Dungeon Crawl Stone Soup version 0.24.0-13-gcf9b319 (webtiles) character file.

Game seed: 10098709749577849151, levelgen mode: deterministic

79 Fortress the Conjurer (level 4, 0/33 HPs)
             Began as a Draconian Conjurer on Jan 20, 2020.
             Succumbed to a scorpion's poison
             ... on level 3 of the Dungeon.
             The game lasted 00:06:22 (1829 turns).

Fortress the Conjurer (Draconian Conjurer)          Turns: 1829, Time: 00:06:23

Health: 0/33       AC:  5    Str: 10    XL:     4   Next: 16%
Magic:  6/6        EV: 12    Int: 15    God:
Gold:   35         SH:  0    Dex: 11    Spells: 6/7 levels left

rFire    . . .     SeeInvis .   c - +0 mace
rCold    . . .     Gourm    .   (no shield)
rNeg     . . .     Faith    .   (armour unavailable)
rPois    .         Spirit   .   (helmet restricted)
rElec    .         Reflect  .   (no cloak)
rCorr    .         Harm     .   (no gloves)
MR       .....                  (no boots)
Stlth    ++........             (no amulet)
HPRegen  0.51/turn              (no ring)
MPRegen  0.10/turn              (no ring)

@: lethally poisoned (0 -> -16)
A: unfitting armour, dopey 1, low mp 1, regeneration 1, cold-blooded, AC +5
a: no special abilities


You were on level 3 of the Dungeon.
You were very hungry.

You visited 1 branch of the dungeon, and saw 3 of its levels.

You collected 35 gold pieces.

Inventory:

Hand Weapons
 c - a +0 mace (weapon)
Jewellery
 h - a +3 ring of slaying {unknown}
Scrolls
 a - 3 scrolls of remove curse
 e - a scroll of immolation {unknown}
 f - a scroll of enchant armour {unknown}
Potions
 d - a potion of ambrosia
Comestibles
 b - 4 rations


   Skills:
 - Level 0.1 Maces & Flails
 - Level 2.0 Dodging
 + Level 1.8 Stealth
 + Level 2.2 Spellcasting
 + Level 5.4 Conjurations


You had 6 spell levels left.
You knew the following spells:

 Your Spells              Type           Power        Failure   Level  Hunger
a - Magic Dart            Conj           ###.         2%          1    #......

Your spell library contained the following spells:

 Spells                   Type           Power        Failure   Level  Hunger
 Searing Ray              Conj           ###...       3%          2    ###....
 Dazzling Spray           Conj/Hex       #.....       22%         3    ###....
 Iskenderun's Mystic Bla  Conj           ###.....     22%         4    #####..
 Force Lance              Conj/Tloc      #.......     56%         4    #####..
 Fulminant Prism          Conj/Hex       #.........   56%         4    #####..


Dungeon Overview and Level Annotations

Branches:
Dungeon (3/15)

Altars:


Innate Abilities, Weirdness & Mutations

Your plain brown scales are hard. (AC +5)
You cannot fit into any form of body armour.
You are cold-blooded and may be slowed by cold attacks.
You are dopey. (Int -2)
Your magical capacity is low. (-10% MP)
Your natural rate of healing is unusually fast.


Message History

You closely miss the scorpion.
The scorpion is moderately wounded.
You feel very sick. The scorpion barely misses you. The ooze misses you.
You feel sick. The ooze hits you.
You hit the scorpion.
The scorpion is moderately wounded.
You feel less invigorated.
You feel less confused.
You feel sick. The scorpion stings you. The ooze hits you.
You barely miss the scorpion.
The scorpion is moderately wounded.
You feel sick. The scorpion completely misses you. The ooze barely misses you.
The scorpion stings you!
* * * LOW HITPOINT WARNING * * *
You are more poisoned.
The scorpion poisons you! The ooze closely misses you.
You hit the scorpion.
Your tail-slap misses the scorpion.
The scorpion is heavily wounded.
You die...

############
#..........#
#..........#
#...s@.....#
#...J......#
######..........#
#...............#
..####..........#
#..........#
#.......>..#
########..........#
...................


You could see a scorpion and an ooze.

Vanquished Creatures
  2 gnolls
  An adder (D:2)
  An ooze (D:1)
  2 dart slugs (D:1)
  2 worms
  A leopard gecko (D:1)
  2 giant cockroaches
  3 goblins
  3 hobgoblins
  A jackal (D:2)
  A quokka (D:2)
  A ball python (D:3)
  9 bats
  4 frilled lizards
  2 kobolds (D:1)
  2 rats (D:1)
37 creatures vanquished.

Notes
Turn   | Place    | Note
-------+----------+-------------------------------------------
     0 | D:1      | Fortress the Draconian Conjurer began the quest for the
                  | Orb.
     0 | D:1      | Reached XP level 1. HP: 14/14 MP: 3/3
   220 | D:1      | Reached XP level 2. HP: 18/20 MP: 0/5
   943 | D:2      | Reached XP level 3. HP: 25/26 MP: 6/6
  1017 | D:2      | Reached skill level 5 in Conjurations
  1498 | D:3      | Found a faded altar of an unknown god.
  1607 | D:3      | Reached XP level 4. HP: 20/33 MP: 3/7
  1824 | D:3      | Gained mutation: Your magical capacity is low. (-10% MP)
                  | [potion of mutation]
  1824 | D:3      | Gained mutation: You are dopey. (Int -2) [potion of
                  | mutation]
  1824 | D:3      | Gained mutation: Your natural rate of healing is unusually
                  | fast. [potion of mutation]
  1829 | D:3      | Succumbed to a scorpion's poison

Levels and vault maps discovered:
D:1:      minmay_arrival_stair_chambers, layout_loops_ring
D:2:      layout_basic, minmay_strange_pillars, chequers_serial_rivers_small_a
D:3:      layout_rooms, elyvilon_altar_3, chequers_ecumenical_altar_simple,
          first_ration, serial_bayou_pond_e

Skill      XL: |  1  2  3 |
---------------+----------+-----
Conjurations   | 5 |  5.4
Dodging        | 2 |  2.0
Maces & Flails | |  0.1
Stealth        | |  1.8
Spellcasting   | |  2.2

Action                   |  1- 3 |  4- 6 || total
-------------------------+-------+-------++-------
Melee: Unarmed           |    10 |       ||    10
       Tailslap          |     4 |       ||     4
       Mace              |    15 |    11 ||    26
 Cast: Magic Dart        |    64 |    12 ||    76
  Use: Scroll            |     1 |       ||     1
       Potion            |       |     2 ||     2
 Stab: Sleeping          |     1 |       ||     1
  Eat: Chunk             |     2 |     1 ||     3
Armor: Skin              |     7 |     8 ||    15
Dodge: Dodged            |    26 |    17 ||    43
